 Dungeon Crawl Stone Soup version 0.20-a0-936-gaf809b6 (webtiles) character file.

387 Isola the Slasher (level 6, -2/36 HPs)
             Began as a Tengu Gladiator on Mar 30, 2017.
             Slain by a gnoll
             ... wielding a +0 spear
              (7 damage)
             ... on level 3 of the Dungeon.
             The game lasted 00:05:07 (3171 turns).

Isola the Slasher (Tengu Gladiator)                 Turns: 3171, Time: 00:05:08

Health: -2/36      AC:  3    Str: 14    XL:     6   Next: 78%
Magic:  4/7        EV: 17    Int: 10    God:
Gold:   188        SH:  0    Dex: 16    Spells: 5/5 levels left

rFire    . . .     SeeInvis .   a - +0 long sword
rCold    . . .     Gourm    .   (no shield)
rNeg     . . .     Faith    .   b - +0 leather armour
rPois    +         Spirit   .   c - +0 hat
rElec    .         Reflect  .   (no cloak)
rCorr    .         Harm     .   (no gloves)
MR       .....                  (boots unavailable)
Stlth    +.........             (no amulet)
Regen    0.2/turn               o - ring of poison resistance
MPRegen  0.1/turn               (no ring)

@: flying quickly and evasively, quick
A: beak, talons 3, able to fly 1
a: no special abilities


You were on level 3 of the Dungeon.
You were not hungry.

You visited 1 branch of the dungeon, and saw 3 of its levels.

You collected 188 gold pieces.

Inventory:

Hand Weapons
 a - a +0 long sword (weapon)
Missiles
 d - 2 throwing nets (quivered)
Armour
 b - a +0 leather armour (worn)
 c - a +0 hat (worn)
 m - a +0 buckler
Jewellery
 i - an uncursed ring of fire
 o - a ring of poison resistance (left hand)
Wands
 q - a wand of random effects (14/48)
Scrolls
 h - a scroll of magic mapping {unknown}
 j - 2 scrolls of fear {unknown}
 n - 2 scrolls of teleportation {unknown}
 p - a scroll of identify
Potions
 e - 2 potions of heal wounds
 g - a potion of brilliance
 l - 2 potions of curing
Comestibles
 f - a bread ration
 k - a meat ration


   Skills:
 - Level 2.5 Fighting
 * Level 6.0 Long Blades
 - Level 2.0 Throwing
 - Level 1.4 Armour
 + Level 4.7 Dodging
 * Level 2.6 Shields


You had 5 spell levels left.
You didn't know any spells.

Dungeon Overview and Level Annotations

Branches:
Dungeon (3/15)

Altars:
Makhleb
Vehumet
Wu Jian
Yredelemnul


Innate Abilities, Weirdness & Mutations

You have a beak for a mouth.
You have claws for feet.
You can fly.


Message History

Your Long Blades skill increases to level 6!
You swoop lightly up into the air.
You feel very comfortable in the air.
You feel somewhat more hungry. The gnoll closely misses you.
The gnoll completely misses you.
Things that are here:
a flail; a gnoll corpse You closely miss the gnoll.
You peck the gnoll, but do no damage.
The gnoll hits you from afar with a spear!
The gnoll hits you with a halberd!
The gnoll hits you from afar with a halberd!
* * * LOW HITPOINT WARNING * * *
The gnoll completely misses you.
You hit the gnoll but do no damage. You claw the gnoll.
The gnoll is lightly wounded.
The gnoll closely misses you.
You riposte.
You slash the gnoll! Your kick misses the gnoll. You peck the gnoll.
The gnoll is severely wounded.
The gnoll completely misses you.
The gnoll hits you from afar with a spear!
You die...

..#..######...###..
..................#
..............#####
....########..#
..............## .
....########<..# # ....# ##..#
############ #
#.#.#########..#####..........#
#
..............gg@....########.#
# #.####.##.###.g####### #.# #
#.# #.##.# #..# #.### #.#
#.##.# #..# #>... .########.#
#..# #####
####⌠####.###..########## # #
#....##........!......# #
##..###.####.########.# #
###...._#.# #.# #.# #


You could see 3 gnolls.

Vanquished Creatures
  Grinder (D:3)
  Ijyb (D:3)
  Robin (D:2)
  A gnoll (D:3)
  3 adders
  2 oozes
  2 worms
  5 dart slugs
  5 leopard geckos
  5 orcs (D:3)
  7 bats
  3 giant cockroaches (D:1)
  8 goblins
  8 hobgoblins
  7 jackals
  3 ball pythons (D:1)
  3 frilled lizards
  4 kobolds
  A rat (D:1)
70 creatures vanquished.

Notes
Turn   | Place    | Note
-------+----------+-------------------------------------------
     0 | D:1      | Isola the Tengu Gladiator began the quest for the Orb.
     0 | D:1      | Reached XP level 1. HP: 12/12 MP: 2/2
   182 | D:1      | Reached XP level 2. HP: 17/17 MP: 3/3
   296 | D:1      | Reached skill level 1 in Armour
   417 | D:1      | Reached XP level 3. HP: 20/21 MP: 4/4
   422 | D:1      | Reached skill level 4 in Long Blades
  1104 | D:2      | Reached XP level 4. HP: 26/26 MP: 5/5
  1355 | D:2      | Noticed Robin
  1369 | D:2      | Killed Robin
  2010 | D:3      | Gained mutation: You can fly. [Tengu growth]
  2010 | D:3      | Reached XP level 5. HP: 31/31 MP: 6/6
  2030 | D:3      | Noticed Ijyb
  2041 | D:3      | Killed Ijyb
  2041 | D:3      | Reached skill level 5 in Long Blades
  2228 | D:3      | Noticed Grinder
  2249 | D:3      | Found a radiant altar of Vehumet.
  2266 | D:3      | Killed Grinder
  2266 | D:3      | Reached XP level 6. HP: 11/36 MP: 7/7
  2761 | D:3      | Found a burning altar of Makhleb.
  2771 | D:3      | Found a basalt altar of Yredelemnul.
  2820 | D:3      | Found an ornate altar of the Wu Jian Council.
  3167 | D:3      | Reached skill level 6 in Long Blades
  3171 | D:3      | Slain by a gnoll

Vault maps used:
D:1:      evilmike_arrival_run_for_it
D:2:      uniq_robin
D:3:      nicolae_overflow_hidden_temple, vehumet_crystals, minitemple,
          uniq_iyjb, uniq_grinder

Skill      XL: |  1  2  3  4  5  6 |
---------------+-------------------+-----
Armour         | 1 |  1.4
Long Blades    | 4 5 6 |  6.0
Dodging        | 4 |  4.7
Shields        | 2 |  2.6
Fighting       | |  2.5
Throwing       | |  2.0

Action                   |  1- 3 |  4- 6 || total
-------------------------+-------+-------++-------
Melee: Long sword        |    57 |   103 ||   160
       Kick              |    14 |    35 ||    49
       Peck              |    14 |    26 ||    40
Throw: Throwing net      |       |     1 ||     1
 Abil: Fly               |       |     1 ||     1
  Use: Scroll            |       |     4 ||     4
       Potion            |       |     1 ||     1
 Stab: Held in net/web   |       |     1 ||     1
  Eat: Chunk             |     1 |     6 ||     7
Armor: Leather armour    |    15 |    18 ||    33
Dodge: Dodged            |    60 |    77 ||   137
       Rpst.: Long sword |    30 |    23 ||    53
